 Dungeon Crawl Stone Soup version 0.21-a0-128-gf2b353c (webtiles) character file.

4468 Leszczynek the Spear-Bearer (level 10, -3/80 HPs)
             Began as a Gnoll Arcane Marksman on July 16, 2017.
             Was an Elder of Okawaru.
             Slain by an ancient zyme (8 damage)
             ... on level 2 of the Abyss.
             The game lasted 00:36:56 (6303 turns).

Leszczynek the Spear-Bearer (Gnoll Arcane Marksman) Turns: 6303, Time: 00:36:57

Health: -3/80      AC:  8    Str: 13    XL:     10   Next: 37%
Magic:  15/15      EV: 18    Int: 13    God:    Okawaru [****..]
Gold:   205        SH:  0    Dex: 15    Spells: 5/12 levels left

rFire    + . .     SeeInvis +   b - +9 spear "Dragon's Nightmare" {venom, rF+}
rCold    . . .     Gourm    .   (no shield)
rNeg     . . .     Faith    .   J - +0 ring mail
rPois    .         Spirit   .   u - +2 helmet
rElec    .         Reflect  .   (no cloak)
rCorr    .         Harm     .   (no gloves)
MR       .....                  (no boots)
Stlth    +.........             (no amulet)
HPRegen  0.00/turn              L - +3 ring of evasion
MPRegen  0.14/turn              i - ring of see invisible

@: non-regenerating, diseased, slowed, very slow
A: short attention span, fangs 1, strong nose
a: Heroism, Renounce Religion


You were on level 2 of the Abyss.
You worshipped Okawaru.
Okawaru was greatly pleased with you.
You were not hungry.

You visited 2 branches of the dungeon, and saw 11 of its levels.
You visited the Abyss 1 time.

You collected 425 gold pieces.
You spent 220 gold pieces at shops.

Inventory:

Hand Weapons
 a - a +1 hand crossbow
 b - the +9 spear "Dragon's Nightmare" (weapon) {venom, rF+}
   (You found it on level 8 of the Dungeon)

   It poisons the flesh of those it strikes.
   It protects you from fire.
 k - a +0 whip of venom
 p - a +0 arbalest
 y - a +0 flail
Missiles
 f - 67 bolts
Armour
 u - a +2 helmet (worn)
 J - a +0 ring mail (worn)
Jewellery
 i - a ring of see invisible (right hand)
 B - an uncursed ring of resist corrosion
 L - a +3 ring of evasion (left hand)
Wands
 t - a wand of random effects (14/48)
 N - a wand of flame (33/48)
Scrolls
 e - 2 scrolls of teleportation
 h - 3 scrolls of enchant weapon
 m - a scroll of acquirement {unknown}
 o - a scroll of remove curse {@r2}
 w - 2 scrolls of blinking
 F - a scroll of amnesia {unknown}
 G - 3 scrolls of identify {@r1}
 K - a scroll of noise {unknown}
 M - a scroll of vulnerability {unknown}
Potions
 g - 3 potions of heal wounds {@q2}
 j - a potion of curing {@q1}
 n - 6 potions of haste
 q - 2 potions of agility
 s - 3 potions of invisibility
 v - a potion of mutation {!q}
 x - a potion of berserk rage {!q}
 z - a potion of flight {unknown}
 C - a potion of lignification {unknown}
 E - a potion of resistance {unknown}
 O - a potion of magic {unknown}
Books
 c - a book of Debilitation

   Spells                             Type                      Level
   a - Corona                         Hexes                        1
   b - Slow                           Hexes                        2
   c - Inner Flame                    Hexes/Fire                   3
   d - Portal Projectile              Hexes/Translocation          3
   e - Cause Fear                     Hexes                        4
   f - Leda's Liquefaction            Hexes/Earth                  4
 P - a book of Necromancy

   Spells                             Type                      Level
   a - Pain                           Necromancy                   1
   b - Animate Skeleton               Necromancy                   1
   c - Vampiric Draining              Necromancy                   3
   d - Regeneration                   Charms/Necromancy            3
   e - Animate Dead                   Necromancy                   4
   f - Control Undead                 Necromancy                   4
Miscellaneous
 H - a box of beasts
Comestibles
 d - 8 bread rations
 r - 9 meat rations
 A - 3 royal jellies
 I - 5 fruits


   Skills:
 - Level 8.0 Fighting
 - Level 8.5 Maces & Flails
 - Level 8.6 Polearms
 - Level 8.5 Crossbows
 + Level 1.6 Armour
 + Level 7.4 Dodging
 - Level 1.9 Spellcasting
 - Level 4.8 Hexes
 * Level 0.0 Necromancy
 - Level 7.4 Invocations


You had 5 spell levels left.
You knew the following spells:

 Your Spells              Type           Power        Failure   Level  Hunger
a - Corona                Hex            ##.....      8%          1    ##.....
b - Slow                  Hex            ##......     11%         2    ###....
c - Animate Skeleton      Necr           N/A          50%         1    ##.....
q - Regeneration          Chrm/Necr      #.........   86%         3    ####...


Dungeon Overview and Level Annotations

Branches:
Dungeon (10/15)            Temple (1/1) D:4            Lair (0/6) D:8
    Orc: D:9-12

Altars:
Cheibriados
Gozag
Okawaru
Sif Muna
Vehumet
The Shining One

Shops:
D:3 *   D:6 !(

Annotations:
D:6 Rayvis's ghost, novice MiFi
D:9 utis's ghost, journeyman HuWn
D:10 Erica; Sonja


Innate Abilities, Weirdness & Mutations

You have a short attention span.
You have very sharp teeth.
Your uncanny sense of smell can sniff out nearby items.


Message History

You hit the ancient zyme but do no damage.
The ancient zyme is heavily damaged.
The ancient zyme closely misses you. x2
You hit the ancient zyme.
The ancient zyme is heavily damaged.
The ancient zyme misses you. The ancient zyme completely misses you.
Your magical contamination has completely faded away.
You puncture the ancient zyme!
The ancient zyme is severely damaged.
The ancient zyme hits you but does no damage.
The ancient zyme hits you.
* * * LOW HITPOINT WARNING * * *
You feel ill.
You hit the ancient zyme.
You bite the ancient zyme, but do no damage.
The ancient zyme is severely damaged.
The ancient zyme hits you!
* * * LOW HITPOINT WARNING * * *
The ancient zyme hits you!
You die...

.#.#.####.#.. #.#
.#....#....#....#.
.....#..... . ..
##....... ..# .. #
####.#. .#.#.#....
#. #.#...#
......#.##...
#.....#.. ..#.#..
..
#...#....x...##+
.# #@#. ## # ##
... #.x#### #...#
#......# #.. .[...
##...### # ..#. ..
#.#.## ...#. .
##.## #...# .. .
#. .. ' .. ##
....#. ∆ ... ..


You could see an ancient zyme.

Vanquished Creatures
  2 two-headed ogres (D:9)
  A hippogriff (D:9)
  Sigmund (D:6)
  2 hungry ghosts
  2 hell hounds (D:8)
  A soldier ant (D:6)
  2 ice beasts
  An orc warrior (D:7)
  A sky beast (D:6)
  A necrophage (D:9)
  2 centaurs (D:9)
  2 ogres
  3 bullfrogs
  2 scorpions (D:5)
  A wight (D:7)
  7 crimson imps
  A bullfrog zombie (D:9)
  A centaur zombie (D:5)
  3 jellies
  An orc priest (D:6)
  6 hounds
  4 orc wizards
  An iguana (D:5)
  3 worker ants
  A killer bee zombie (D:7)
  2 hound zombies
  A hound skeleton (D:6)
  A worker ant zombie (D:6)
  A howler monkey skeleton (D:5)
  3 gnolls (D:7)
  9 adders
  A shadow imp (D:6)
  2 adder skeletons
  2 worms
  3 dart slugs
  2 leopard geckos (D:6)
  28 orcs
  A ball python (D:1)
  2 bats
  6 giant cockroaches
  10 goblins
  3 hobgoblins
  9 jackals
  3 quokkas
  2 frilled lizards
  7 kobolds
  A quokka zombie (D:6)
  6 rats
157 creatures vanquished.

Notes
Turn   | Place    | Note
-------+----------+-------------------------------------------
     0 | D:1      | Leszczynek the Gnoll Arcane Marksman began the quest for the Orb.
     0 | D:1      | Reached XP level 1. HP: 16/16 MP: 3/3
   115 | D:1      | Reached skill level 2 in Fighting
   215 | D:1      | Reached skill level 1 in Maces & Flails
   218 | D:1      | Reached XP level 2. HP: 18/23 MP: 4/4
   249 | D:1      | Reached skill level 2 in Maces & Flails
   253 | D:1      | Learned a level 2 spell: Slow
   434 | D:1      | Reached skill level 3 in Maces & Flails
   553 | D:1      | Reached XP level 3. HP: 25/28 MP: 5/5
   607 | D:2      | Reached skill level 4 in Maces & Flails
  1088 | D:2      | Reached skill level 5 in Maces & Flails
  1221 | D:3      | Reached XP level 4. HP: 21/34 MP: 6/6
  1616 | D:3      | Found an opulent altar of Gozag.
  1623 | D:3      | Found Gozag's Platinum Reserve.
  1633 | D:3      | Reached skill level 6 in Maces & Flails
  1927 | D:3      | Reached XP level 5. HP: 29/39 MP: 7/7
  2161 | D:4      | Found a staircase to the Ecumenical Temple.
  2180 | Temple   | Entered the Ecumenical Temple
  2193 | Temple   | Became a worshipper of Warmaster Okawaru
  2219 | D:4      | Noticed an ogre
  2234 | D:4      | Killed an ogre
  2234 | D:4      | Reached skill level 7 in Maces & Flails
  2337 | D:4      | Reached skill level 3 in Fighting
  2337 | D:4      | Reached XP level 6. HP: 35/47 MP: 8/8
  2529 | D:5      | Entered Level 5 of the Dungeon
  2578 | D:5      | Reached * piety under Okawaru
  2578 | D:5      | Reached skill level 4 in Fighting
  2578 | D:5      | Reached skill level 4 in Crossbows
  2913 | D:5      | Reached skill level 5 in Fighting
  2913 | D:5      | Reached skill level 8 in Maces & Flails
  2913 | D:5      | Reached XP level 7. HP: 56/56 MP: 9/9
  2968 | D:5      | Reached skill level 5 in Crossbows
  3142 | D:5      | Reached skill level 6 in Crossbows
  3162 | D:5      | Found a radiant altar of Vehumet.
  3220 | D:6      | Found Zietras's Distillery.
  3233 | D:6      | Reached skill level 6 in Fighting
  3242 | D:6      | Bought a potion of haste for 110 gold pieces
  3242 | D:6      | Bought a potion of heal wounds for 55 gold pieces
  3242 | D:6      | Bought a potion of heal wounds for 55 gold pieces
  3366 | D:6      | Noticed Sigmund
  3373 | D:6      | Killed Sigmund
  3373 | D:6      | Reached ** piety under Okawaru
  3373 | D:6      | Reached skill level 7 in Crossbows
  3373 | D:6      | Reached XP level 8. HP: 57/65 MP: 4/10
  3402 | D:6      | Noticed Rayvis's ghost (novice MiFi)
  3503 | D:6      | Found Jyci Zam's Antique Weapon Shoppe.
  3533 | D:6      | Reached skill level 7 in Fighting
  3633 | D:6      | Reached skill level 8 in Crossbows
  3895 | D:6      | Reached skill level 4 in Dodging
  3943 | D:6      | Reached *** piety under Okawaru
  4059 | D:7      | Reached skill level 5 in Dodging
  4312 | D:7      | Received a gift from Okawaru
  4312 | D:7      | Reached XP level 9. HP: 67/74 MP: 11/11
  4392 | D:7      | Reached skill level 8 in Fighting
  4454 | D:7      | Reached skill level 6 in Dodging
  4687 | D:8      | HP: 14/74 [hell hound (6)]
  4700 | D:8      | Reached skill level 7 in Dodging
  4701 | D:8      | i had to use 32 bolts on them
  4701 | D:8      | on two hell hounds
  4701 | D:8      | with heroism on
  4759 | D:8      | Reached skill level 1 in Invocations
  4912 | D:8      | Found a snail-covered altar of Cheibriados.
  5085 | D:8      | Found a staircase to the Lair.
  5111 | D:8      | Got a polished spear
  5112 | D:8      | Identified the +9 spear "Dragon's Nightmare" {venom, rF+} (You found it on level 8 of the Dungeon)
  5255 | D:9      | Reached skill level 1 in Polearms
  5309 | D:9      | Reached skill level 2 in Polearms
  5309 | D:9      | Reached skill level 2 in Invocations
  5374 | D:9      | Noticed utis's ghost (journeyman HuWn)
  5389 | D:9      | Reached skill level 3 in Polearms
  5476 | D:9      | Reached skill level 4 in Polearms
  5476 | D:9      | Reached skill level 3 in Invocations
  5483 | D:9      | Reached skill level 5 in Polearms
  5483 | D:9      | Reached skill level 4 in Invocations
  5641 | D:9      | Reached skill level 6 in Polearms
  5670 | D:9      | Reached **** piety under Okawaru
  5670 | D:9      | Received a gift from Okawaru
  5670 | D:9      | Reached skill level 5 in Invocations
  5699 | D:9      | Reached skill level 7 in Polearms
  5726 | D:9      | Noticed a two-headed ogre
  5761 | D:9      | Killed a two-headed ogre
  5761 | D:9      | Reached skill level 7 in Invocations
  5761 | D:9      | Reached XP level 10. HP: 46/80 MP: 12/15
  5875 | D:10     | Entered Level 10 of the Dungeon
  5878 | D:10     | Noticed Erica
  5996 | D:9      | Noticed a two-headed ogre
  6086 | D:9      | Killed a two-headed ogre
  6086 | D:9      | Reached skill level 8 in Polearms
  6219 | D:10     | Reached skill level 1 in Armour
  6246 | D:10     | Learned a level 1 spell: Animate Skeleton
  6250 | D:10     | Learned a level 3 spell: Regeneration
  6254 | D:10     | Noticed Sonja
  6269 | D:10     | Cast into level 2 of the Abyss (Sonja)
  6298 | Abyss:2  | HP: 11/80 [ancient zyme (12)]
  6303 | Abyss:2  | HP: 5/80 [ancient zyme (9)]
  6303 | Abyss:2  | Slain by an ancient zyme

Vault maps used:
D:1:      minmay_arrival_arboretum_small
D:2:      kennysheep_cross_room
D:3:      nicolae_gozag_zags_fifth_avenue
D:4:      minmay_temple_entry_statues_pillars, first_bread
D:5:      old_standard_altar
D:6:      cheibrodos_fzero, serial_shops, shop, shop, uniq_sigmund
D:7:      serial_shops, shop, uniq_pikel
D:8:      fedhas_altar_decomposition, marbit_many_paths, cheibriados_altar_1,
          nicolae_ru_the_path_less_chosen, minmay_lair_entry_lava,
          roderic_serpentine_path
D:9:      kiku_gazebo_garden_becter
D:10:     enter_trove_3, uniq_nergalle, uniq_erica, uniq_sonja
Temple:   regret_index_temple_waves
Abyss:2:  serial_sigils_hangedman_quiver

Skill      XL: |  1  2  3  4  5  6  7  8  9 10 |
---------------+-------------------------------+-----
Fighting       | 2 3 5 6 7 8 |  8.0
Maces & Flails | 1 3 5 6 7 8 |  8.5
Crossbows      | 4 7 8 |  8.5
Dodging        | 5 7 |  7.4
Invocations    | 7 |  7.4
Polearms       | 7 8 |  8.6
Armour         | 1 |  1.6
Spellcasting   | |  1.9
Hexes          | |  4.8

Action                   |  1- 3 |  4- 6 |  7- 9 | 10-12 || total
-------------------------+-------+-------+-------+-------++-------
Melee: Whip              |    96 |   125 |   285 |       ||   506
       Bite              |    13 |     8 |    52 |     3 ||    76
       Spear             |       |       |    88 |    36 ||   124
       Punch             |       |       |     3 |       ||     3
 Fire: Hand crossbow     |    11 |    49 |   111 |     1 ||   172
Throw: Throwing net      |       |       |     1 |     1 ||     2
 Cast: Slow              |     2 |     3 |     3 |       ||     8
       Corona            |     1 |     3 |     1 |       ||     5
Invok: Heroism           |       |     1 |    10 |     3 ||    14
  Use: Scroll            |       |     7 |     3 |     6 ||    16
       Potion            |       |       |     3 |     3 ||     6
 Stab: Sleeping          |       |     2 |     3 |       ||     5
       Distracted        |       |     1 |       |       ||     1
       Held in net/web   |       |       |     1 |       ||     1
  Eat: Chunk             |     1 |     6 |     9 |     3 ||    19
       Royal jelly       |       |       |     1 |       ||     1
Armor: Leather armour    |    19 |    23 |       |       ||    42
       Robe              |     1 |       |       |       ||     1
       Scale mail        |       |    13 |    14 |       ||    27
       Ring mail         |       |       |    89 |     4 ||    93
Dodge: Dodged            |    54 |    58 |   240 |    27 ||   379
